 Dungeon Crawl Stone Soup version 0.17-a0-1115-g0372368 (webtiles) character file.

40 Hanyuu the Insei (level 3, 23/23 HPs)
             Began as an Octopode Transmuter on May 24, 2015.
             Quit the game on level 2 of the Dungeon.
             The game lasted 00:03:18 (1358 turns).

Hanyuu the Insei (Octopode Transmuter)              Turns: 1358, Time: 00:03:19

Health: 23/23      AC:  1    Str:  9    XL:     3   Next: 50%
Magic:  6/6        EV: 12    Int: 16    God:
Gold:   114        SH:  0    Dex: 12    Spells: 3 memorised, 0 levels left

rFire  . . .     SeeInvis .       - Unarmed
rCold  . . .     Clarity  .     (no shield)
rNeg   . . .     SustAt   .     (helmet restricted)
rPois  .         Gourm    .     (no amulet)
rElec  .         Spirit   .     (no ring)
rCorr  .         Warding  .     (no ring)
rMut   .         Stasis   .     (no ring)
MR     .....                    (no ring)
Stlth  ++........               (no ring)
                                (no ring)
                                (no ring)
                                (no ring)

@: not resistant to hostile enchantments, unstealthy
A: almost no armour, amphibious, 8 rings, constrict 8, camouflage 1, gelatinous
body 1
a: no special abilities


You were on level 2 of the Dungeon.
You were not hungry.

You visited 1 branch of the dungeon, and saw 2 of its levels.

You collected 114 gold pieces.

Inventory:

Missiles
 a - 32 arrows
Scrolls
 d - 2 scrolls of remove curse
Potions
 e - a potion of lignification {unknown}
 g - a potion of degeneration {unknown}
 h - a potion of poison {unknown}
 k - a potion of resistance {unknown}
 l - a potion of curing {unknown}
Books
 b - a book of Changes

   Spells                             Type                      Level
   a - Beastly Appendage              Transmutation                1
   b - Sticks to Snakes               Transmutation                2
   c - Spider Form                    Transmutation/Poison         3
   d - Ice Form                       Ice/Transmutation            4
   e - Blade Hands                    Transmutation                5
Comestibles
 c - 2 bread rations
 f - 3 meat rations
 j - 5 fruits


   Skills:
 - Level 1.0 Fighting
 - Level 2.0 Dodging
 + Level 4.4 Unarmed Combat
 - Level 2.0 Spellcasting
 - Level 2.0 Transmutations


You couldn't memorise any spells.
You knew the following spells:

 Your Spells              Type           Power        Failure   Level  Hunger
a - Beastly Appendage     Trmt           #.....       10%         1    #......
b - Sticks to Snakes      Trmt           #.........   14%         2    ###....
c - Spider Form           Trmt/Pois      #.........   38%         3    ###....


Dungeon Overview and Level Annotations

Branches:
Dungeon (2/15)

Altars:
Fedhas
Vehumet


Innate Abilities, Weirdness & Mutations

You cannot wear most types of armour.
You are amphibious.
You can wear up to eight rings at the same time.
You can use your tentacles to constrict eight enemies at once.
Your skin changes colour to match your surroundings (Stealth).
Your rubbery body absorbs attacks (AC +1).


Message History

All of the chunks of flesh in your inventory have rotted away.
Found a stone staircase leading up.
f - 3 meat rations (gained 1)
g - a fuming sapphire potion You now have 114 gold pieces (gained 19).
Done exploring.
Done exploring.
Read which item? (? for menu, Esc to quit)
As you read the scroll labeled VESIUJ TISI, it crumbles to dust.
It is a scroll of recharging.
You aren't carrying any rechargeable items.
Read which item? (? for menu, Esc to quit)
As you read the scroll labeled REWKUA NITO, it crumbles to dust.
You hear a loud clanging noise!
It was a scroll of noise.
Unknown command.
Read which item? (? for menu, Esc to quit)
As you read the scroll labeled FEANOPYEFF, it crumbles to dust.
You feel blessed for a moment.
It was a scroll of remove curse.
Are you sure you want to abandon this character and quit the game? (Confirm with "yes".)

#.............##
#...............
####.###.#.......##
#..#.# #...........
###....# #....####...
#......# #.##..##....
#......###..##.......
###.......#.######...
#.@####...## ##.#
#### ##...#####..#
#...#.....##
###.........
#.#.....>.
######.........
#......#.......
#.######....... #.#
#.......


There were no monsters in sight!

Vanquished Creatures
  5 giant cockroaches
  7 hobgoblins
  4 jackals (D:1)
  3 kobolds (D:1)
  6 bats
  2 giant newts
  5 goblins
  6 rats
38 creatures vanquished.

Notes
Turn   | Place    | Note
--------------------------------------------------------------
     0 | D:1      | Hanyuu the Octopode Transmuter began the quest for the Orb.
     0 | D:1      | Reached XP level 1. HP: 13/13 MP: 3/3
   202 | D:1      | Reached XP level 2. HP: 11/18 MP: 5/5
   576 | D:1      | Reached skill level 4 in Unarmed Combat
   640 | D:1      | Reached XP level 3. HP: 19/23 MP: 4/6
   654 | D:1      | Learned a level 2 spell: Sticks to Snakes
   658 | D:1      | Learned a level 3 spell: Spider Form
  1104 | D:2      | Found a radiant altar of Vehumet.
  1202 | D:2      | Found a blossoming altar of Fedhas.
  1358 | D:2      | Quit the game

Vault maps used:
D:1:      dpeg_arrival_pits
D:2:      lemuel_doored_altar, vehumet_crystals

Action                   || total
-------------------------++-------
Melee: Unarmed           ||    81
 Cast: Beastly Appendage ||     3
  Use: Scroll            ||     3
 Stab: Sleeping          ||     1
  Eat: Chunk             ||     1
